Map: Blackburn LE

Players

Lambo

  • Race: Zerg Zerg
  • League: Grandmaster

ShoWTimE - Winner!

  • Race: Protoss Protoss
  • League: Grandmaster

Event: DreamHack SC2 Masters Last Chance 2022

VOD

Have the link to the VOD?

Description

Time

  • Played on: Dec. 19, 2021, 6:57 p.m.
  • Length: 17:18

All games in this series

Show
View Real Time Build Order
Export as new Build Order

Lambo Zerg 

Build Orders: Hatch First, Brood Lord Corruptor 

Get SALT Encoding   

  12  0:00  Drone  
  13  0:12  Overlord  
  13  0:17  Drone  
  14  0:30  Drone x2  
  16  0:48  Hatchery  
  15  0:51  Drone  
  15  0:55  Drone  
  17  0:58  Drone  
  18  1:09  Extractor  
  17  1:13  Spawning Pool  
  17  1:16  Drone  
  17  1:20  Drone  
  18  1:28  Drone  
  19  1:38  Drone  
  20  1:49  Drone  
  21  1:59  Queen  
  21  2:00  Queen  
  26  2:01  Zergling x2, Overlord  
  26  2:10  Drone  
  26  2:11  Drone  
  26  2:12  Metabolic Boost  
  28  2:21  Drone x2  
  30  2:32  Hatchery  
  29  2:39  Queen  
  29  2:42  Drone  
  33  2:44  Drone  
  33  2:48  Overlord  
  33  2:51  Zergling x2  
  34  2:59  Zergling x2  
  34  3:03  Drone  
  36  3:06  Queen  
  36  3:08  Zergling x2  
  36  3:09  Drone  
  40  3:17  Drone x4  
  43  3:20  Spore Crawler  
  39  3:28  Drone x2  
  39  3:33  Queen  
  43  3:37  Drone  
  44  3:44  Drone x2  
  44  3:48  Drone x2  
  48  3:55  Queen, Overlord  
  50  3:58  Overlord  
  50  4:01  Overlord  
  50  4:14  Drone x3  
  50  4:15  Drone x4  
  57  4:18  Drone  
  56  4:25  Drone x2  
  56  4:30  Drone x2  
  58  4:32  Zergling x10  
  58  4:35  Drone  
  64  4:39  Drone  
  64  4:40  Spore Crawler  
  64  4:43  Drone x4  
  68  4:49  Drone  
  68  4:50  Drone  
  68  4:51  Drone  
  71  4:58  Roach Warren  
  71  4:59  Extractor  
  69  5:00  Drone x4, Extractor  
  69  5:03  Drone  
  69  5:05  Lair  
  69  5:07  Drone, Overlord  
  73  5:08  Overlord  
  73  5:10  Overlord  
  74  5:15  Overlord  
  74  5:17  Overlord  
  73  5:24  Queen  
  73  5:26  Overlord  
  73  5:27  Drone x5  
  73  5:28  Evolution Chamber  
  79  5:32  Spore Crawler  
  79  5:33  Drone x3  
  79  5:34  Extractor  
  80  5:39  Drone x5  
  83  5:42  Drone  
  83  5:45  Drone  
  83  5:50  Hatchery  
  83  5:51  Drone  
  83  5:56  Zerg Missile Weapons Level 1  
  83  5:57  Drone x3  
  86  6:00  Extractor  
  86  6:01  Drone, Extractor  
  86  6:02  Overlord  
  86  6:04  Drone x3  
  88  6:08  Overseer  
  88  6:09  Drone x5  
  93  6:11  Glial Reconstitution  
  93  6:16  Infestation Pit  
  93  6:17  Roach x2  
  96  6:21  Roach x2  
  100  6:27  Baneling Nest  
  100  6:30  Roach x3  
  100  6:32  Overlord  
  105  6:38  Spore Crawler  
  101  6:44  Drone x7  
  108  6:49  Drone x2  
  110  6:55  Drone  
  110  6:56  Roach x3  
  110  6:57  Hatchery  
  110  6:58  Ravager  
  110  7:00  Zergling x8  
  123  7:01  Ravager x2  
  123  7:03  Roach  
  123  7:04  Roach  
  123  7:06  Overlord  
  127  7:08  Overlord  
  127  7:11  Zergling x4  
  127  7:12  Ravager x3  
  127  7:15  Overlord  
  132  7:16  Zergling x2  
  132  7:19  Overlord  
  133  7:24  Spore Crawler  
  133  7:25  Hive  
  132  7:30  Zergling x14  
  132  7:33  Centrifugal Hooks  
  139  7:38  Drone x2, Spire  
  139  7:41  Extractor  
  139  7:42  Drone x4, Extractor  
  142  7:48  Zergling x12  
  149  7:51  Roach x2  
  149  7:54  Roach x2  
  154  7:59  Roach x3  
  154  8:00  Baneling  
  154  8:01  Baneling x2  
  154  8:02  Roach  
  156  8:06  Roach x2  
  156  8:08  Roach  
  156  8:11  Roach  
  151  8:13  Roach x2  
  151  8:15  Roach  
  154  8:20  Roach  
  154  8:21  Roach x3  
  154  8:26  Zergling x12  
  168  8:32  Drone x3  
  171  8:36  Zerg Melee Weapons Level 1  
  171  8:44  Zergling x4  
  171  8:45  Overlord  
  171  8:47  Overlord  
  173  8:49  Baneling x13  
  173  8:53  Overlord  
  173  8:55  Overlord  
  173  8:56  Overlord  
  173  8:59  Overlord  
  173  9:06  Baneling x11  
  173  9:07  Baneling x2  
  173  9:09  Overlord  
  173  9:11  Queen  
  173  9:12  Overlord  
  173  9:15  Zergling x6  
  173  9:16  Zergling x24  
  179  9:18  Zergling x8  
  179  9:21  Roach  
  179  9:23  Roach x2  
  175  9:26  Roach  
  175  9:28  Viper x2  
  183  9:34  Viper  
  192  9:38  Zergling x2, Roach x4  
  192  9:42  Zergling x8  
  192  9:46  Zergling x4  
  192  9:49  Zergling x6  
  197  9:56  Zergling x2  
  197  9:57  Zergling x4  
  200  10:06  Zergling x2  
  198  10:13  Greater Spire  
  183  10:14  Drone  
  183  10:15  Drone x4  
  183  10:21  Zergling x18  
  196  10:23  Baneling x13  
  196  10:24  Hatchery  
  196  10:27  Zergling x8  
  199  10:29  Baneling x4  
  199  10:30  Overseer  
  199  10:45  Zergling x2  
  199  10:53  Baneling x24  
  195  11:26  Corruptor x2  
  195  11:31  Zerg Flyer Weapons Level 1, Zerg Melee Weapons Level 2  
  199  11:33  Evolution Chamber  
  199  11:36  Drone  
  198  11:51  Corruptor x11  
  199  11:56  Spine Crawler  
  196  12:03  Zerg Missile Weapons Level 2  
  196  12:04  Drone x4  
  198  12:17  Corruptor  
  198  12:21  Zergling x6  
  198  12:42  Zergling x10  
  169  12:46  Roach x20  
  169  12:47  Roach x3  
  169  12:49  Zergling x2  
  169  12:50  Zergling x14  
  191  13:02  Brood Lord x2  
  191  13:03  Brood Lord x3  
  196  13:09  Extractor  
  196  13:10  Drone x6, Extractor  
  196  13:11  Spine Crawler  
  196  13:12  Spore Crawler  
  198  13:24  Spine Crawler x2  
  196  13:29  Overseer  
  196  13:30  Zerg Flyer Weapons Level 2  
  196  13:32  Spire  
  180  13:53  Corruptor x4  
  176  14:11  Brood Lord x2  
  176  14:12  Corruptor x4  
  188  14:20  Extractor  
  186  14:27  Brood Lord  
  186  14:28  Overseer  
  188  14:32  Zerg Melee Weapons Level 3  
  188  14:33  Evolution Chamber  
  188  14:35  Drone x6  
  188  14:36  Drone  
  194  14:39  Drone x5  
  194  14:40  Spine Crawler, Spore Crawler  
  197  14:47  Spore Crawler  
  197  14:48  Spore Crawler  
  197  14:49  Adrenal Glands, Spore Crawler  
  197  14:50  Spore Crawler  
  197  14:52  Pathogen Glands  
  193  14:53  Spore Crawler  
  193  14:57  Brood Lord, Spore Crawler  
  183  15:08  Corruptor x4  
  159  15:23  Viper  
  159  15:24  Queen x3  
  159  15:25  Drone x6  
  172  15:29  Drone x3  
  172  15:31  Drone x3  
  172  15:34  Infestor  
  180  15:41  Brood Lord  
  180  15:42  Corruptor  
  184  15:55  Overseer  
  184  15:56  Hatchery  
  185  15:59  Spore Crawler  
  185  16:00  Infestor  
  185  16:03  Infestor  
  188  16:04  Overseer  
  186  16:21  Spore Crawler  
  186  16:22  Corruptor x6  
  190  16:32  Zergling x16  
  189  16:44  Corruptor  
  189  16:45  Corruptor x3  
Show
View Real Time Build Order
Export as new Build Order

ShoWTimE Protoss - Winner!

Build Orders: 1 Gate Expand, Oracle Opening, Carriers, Zealot Archon 

Get SALT Encoding   

  12  0:01  Probe  
  13  0:13  Probe  
  14  0:21  Pylon  
  14  0:25  Probe  
  15  0:39  Probe (Chrono Boost)  
  15  0:40  Assimilator  
  16  0:47  Gateway  
  17  0:51  Probe (Chrono Boost)  
  17  0:56  Probe (Chrono Boost)  
  18  1:06  Probe  
  19  1:18  Probe  
  20  1:25  Nexus  
  20  1:34  Cybernetics Core  
  20  1:36  Probe  
  21  1:42  Assimilator  
  21  1:48  Probe  
  21  1:52  Pylon  
  22  2:01  Probe  
  23  2:08  Adept (Chrono Boost)  
  23  2:11  Stargate  
  23  2:14  Probe  
  26  2:20  Warp Gate  
  26  2:26  Probe  
  26  2:28  Adept (Chrono Boost)  
  29  2:38  Probe (Chrono Boost)  
  29  2:44  Probe (Chrono Boost)  
  31  2:47  Probe (Chrono Boost)  
  31  2:50  Adept  
  33  2:51  Probe (Chrono Boost)  
  33  2:52  Probe (Chrono Boost)  
  33  2:57  Oracle (Chrono Boost)  
  39  3:02  Probe  
  39  3:04  Probe  
  41  3:07  Pylon  
  41  3:14  Probe  
  41  3:16  Probe  
  43  3:20  Adept  
  43  3:26  Probe  
  44  3:28  Probe  
  44  3:29  Oracle (Chrono Boost)  
  44  3:30  Gateway  
  46  3:38  Probe  
  46  3:40  Probe  
  48  3:50  Probe  
  48  3:51  Pylon  
  48  3:52  Probe  
  50  4:01  Nexus  
  50  4:04  Oracle (Chrono Boost)  
  50  4:07  Probe  
  50  4:09  Probe  
  55  4:10  Pylon  
  55  4:14  Assimilator  
  55  4:19  Adept, Probe  
  55  4:22  Probe  
  57  4:26  Adept  
  57  4:32  Probe  
  57  4:34  Assimilator, Probe  
  57  4:36  Robotics Facility  
  59  4:42  Forge  
  59  4:44  Probe  
  60  4:46  Probe  
  60  4:47  Pylon  
  61  4:54  Shield Battery  
  61  4:55  Sentry x2  
  61  4:56  Probe (Chrono Boost)  
  61  4:58  Probe (Chrono Boost)  
  67  5:10  Probe (Chrono Boost)  
  67  5:12  Twilight Council  
  70  5:14  Probe (Chrono Boost)  
  70  5:16  Protoss Ground Weapons Level 1 (Chrono Boost)  
  70  5:18  Probe x2 (Chrono Boost)  
  70  5:21  Probe (Chrono Boost)  
  72  5:24  Photon Cannon, Probe  
  72  5:26  Immortal (Chrono Boost), Probe  
  74  5:32  Probe  
  79  5:37  Probe  
  79  5:38  Probe  
  79  5:39  Phoenix, Assimilator, Charge (Chrono Boost)  
  81  5:44  Assimilator, Probe  
  81  5:49  Probe, Pylon  
  83  5:50  Probe  
  83  5:52  Robotics Bay  
  83  5:55  Gateway  
  83  5:56  Probe  
  85  5:58  Gateway  
  85  6:01  Probe  
  86  6:05  Immortal (Chrono Boost)  
  86  6:11  Probe x2  
  92  6:13  Gateway, Sentry  
  92  6:15  Stalker  
  96  6:18  Gateway  
  96  6:21  Pylon  
  96  6:24  Gateway  
  96  6:37  Warp Prism (Chrono Boost)  
  96  6:39  Stalker x2  
  99  6:47  Pylon  
  99  6:51  Templar Archives  
  99  6:52  Zealot  
  99  6:53  Zealot  
  103  6:58  Pylon  
  103  7:07  Photon Cannon  
  103  7:11  Disruptor  
  103  7:15  Zealot x5  
  114  7:22  Pylon  
  116  7:30  High Templar x2  
  116  7:32  Photon Cannon, Protoss Ground Weapons Level 2 (Chrono Boost)  
  116  7:35  Archon, Pylon  
  120  7:37  Pylon  
  120  7:39  Photon Cannon, Nexus  
  120  7:40  Pylon  
  120  7:52  Zealot x4  
  120  7:53  Disruptor (Chrono Boost)  
  120  7:55  Phoenix  
  131  8:00  Zealot  
  133  8:05  Zealot x2  
  133  8:09  Photon Cannon  
  133  8:18  Probe x2  
  131  8:22  Disruptor (Chrono Boost)  
  131  8:24  Probe  
  131  8:25  Photon Cannon  
  135  8:27  Gateway  
  135  8:28  High Templar x4  
  135  8:29  Gateway  
  135  8:30  Probe  
  135  8:31  Gateway  
  135  8:33  Archon x2  
  144  8:34  Stalker  
  144  8:35  High Templar  
  144  8:36  High Templar  
  144  8:40  Archon  
  150  8:45  Assimilator  
  150  8:48  Assimilator  
  150  8:49  Observer (Chrono Boost)  
  150  8:53  Probe x3  
  150  8:54  Probe  
  150  8:55  Photon Cannon  
  155  8:58  High Templar  
  155  9:05  High Templar  
  155  9:06  Zealot x3  
  159  9:28  Zealot x4  
  159  9:29  Zealot x2  
  159  9:30  Fleet Beacon  
  168  9:32  Stargate  
  168  9:36  Stargate, High Templar x2  
  168  9:38  Zealot x2  
  168  9:40  Archon  
  158  10:01  Nexus  
  158  10:03  Stalker, Pylon  
  158  10:06  Stalker x2  
  164  10:07  Sentry  
  164  10:10  Protoss Ground Weapons Level 3 (Chrono Boost)  
  166  10:23  Carrier (Chrono Boost)  
  166  10:27  Psionic Storm  
  166  10:28  Carrier (Chrono Boost)  
  172  10:34  Pylon  
  172  10:36  Pylon  
  172  10:37  Protoss Air Weapons Level 1 (Chrono Boost), Pylon  
  172  10:44  Photon Cannon  
  172  10:47  Pylon  
  170  10:50  Pylon  
  170  10:53  Carrier (Chrono Boost), Probe  
  170  10:54  Probe x3  
  170  10:56  Pylon  
  180  11:00  Pylon  
  180  11:08  Zealot x10  
  198  11:37  Photon Cannon  
  198  11:38  Carrier (Chrono Boost)  
  198  11:41  Photon Cannon  
  198  11:43  Shield Battery  
  196  11:50  Carrier (Chrono Boost)  
  196  11:58  Photon Cannon  
  196  11:59  High Templar x3  
  198  12:02  Photon Cannon  
  198  12:04  Photon Cannon  
  198  12:07  Assimilator  
  198  12:08  High Templar  
  200  12:12  Assimilator  
  198  12:22  Carrier (Chrono Boost)  
  184  12:27  High Templar x4  
  198  12:31  Archon x2  
  198  12:34  Protoss Air Weapons Level 2  
  188  12:51  Stalker x6  
  164  12:59  Blink (Chrono Boost)  
  164  13:00  Carrier (Chrono Boost)  
  173  13:10  Carrier (Chrono Boost)  
  173  13:11  Zealot x4  
  181  13:17  High Templar  
  183  13:23  Protoss Shields Level 1 (Chrono Boost), Zealot x5  
  193  13:30  Nexus  
  193  13:32  Pylon  
  190  13:51  Zealot x5  
  190  13:52  Zealot  
  190  13:55  Shield Battery  
  200  13:56  Shield Battery  
  200  13:58  Photon Cannon  
  190  14:10  Carrier x2  
  180  14:20  Carrier (Chrono Boost)  
  180  14:23  High Templar x3  
  198  14:37  Photon Cannon  
  188  14:39  Gateway, Zealot x2  
  188  14:40  Zealot x4, Gateway  
  188  14:41  Assimilator  
  188  14:42  Gateway  
  188  14:43  Assimilator  
  200  14:46  Pylon  
  168  15:18  Carrier x2 (Chrono Boost)  
  160  15:26  Probe x2  
  170  15:30  Warp Prism (Chrono Boost)  
  170  15:32  Gravitic Drive (Chrono Boost)  
  170  15:36  Carrier (Chrono Boost)  
  170  15:42  High Templar x5  
  184  15:43  High Templar  
  184  15:46  Archon x2  
  184  15:47  Archon  
  188  15:57  Zealot x5  
  198  16:26  Nexus  
  198  16:28  Pylon  
  198  16:36  Zealot x4  

Tags
 
Add a new tag
Caveats
  • Supply blocks, unpowered buildings, or Contaminate may cause inaccurate times.
  • Supply counts are checked every 10 seconds.